 Dungeon Crawl Stone Soup version 0.24.0-123-gd5b16e6ec5 (webtiles) character file.

Game seed: 3342033752054399181, levelgen mode: deterministic

823 vurker the Magician (level 7, -1/40 HPs)
             Began as a Deep Elf Air Elementalist on Feb 6, 2020.
             Slain by a black bear (6 damage)
             ... on level 6 of the Dungeon.
             The game lasted 00:08:27 (6040 turns).

vurker the Magician (Deep Elf Air Elementalist)     Turns: 6040, Time: 00:08:28

Health: -1/40      AC:  4    Str:  5    XL:     7   Next: 63%
Magic:  10/19      EV: 13    Int: 22    God:
Gold:   216        SH:  0    Dex: 15    Spells: 9/19 levels left

rFire    + . .     SeeInvis .   w - +1 trident of the Beginning {vamp, *Noise MR++} (curse)
rCold    . . .     Gourm    .   (no shield)
rNeg     . . .     Faith    .   a - +0 robe
rPois    .         Spirit   .   (no helmet)
rElec    .         Reflect  .   n - +0 cloak (curse)
rCorr    .         Harm     .   r - +0 pair of gloves
MR       ++...                  (no boots)
Stlth    ++........             (no amulet)
HPRegen  0.13/turn              l - ring of protection from fire
MPRegen  0.16/turn              v - +4 ring of slaying

@: no status effects
A: no striking features
a: no special abilities


You were on level 6 of the Dungeon.
You were hungry.

You visited 1 branch of the dungeon, and saw 6 of its levels.

You collected 293 gold pieces.
You spent 77 gold pieces at shops.

Inventory:

Hand Weapons
 f - a +0 dagger
   (You took it off a kobold on level 1 of the Dungeon)
 s - the +6 flail of Uncertain Death {freeze, +Fly rPois Int+4, unknown}
   (You found it on level 5 of the Dungeon)

   It has been specially enchanted to freeze those struck by it, causing extra
   injury to most foes and up to half again as much damage against particularly
   susceptible opponents.
   It can also slow down cold-blooded creatures.
   It affects your intelligence (+4).
   It protects you from poison.
   It lets you fly.
 w - the cursed +1 trident of the Beginning (weapon) {vamp, *Noise MR++}
   (You found it on level 5 of the Dungeon)

   It inflicts no extra harm, but heals its wielder when it wounds a living foe.
   It affects your resistance to hostile enchantments.
   It may make noises in combat.
   It has a curse placed upon it.
Armour
 a - a +0 robe (worn)
 n - a cursed +0 cloak (worn)
   (You bought it in a shop on level 4 of the Dungeon)
 r - a +0 pair of gloves (worn)
   (You bought it in a shop on level 4 of the Dungeon)
Jewellery
 c - an uncursed ring of fire
   (You found it on level 1 of the Dungeon)
 l - a ring of protection from fire (left hand)
   (You found it on level 2 of the Dungeon)
 v - a +4 ring of slaying (right hand)
   (You found it on level 5 of the Dungeon)
 z - a +3 ring of evasion {unknown}
   (You found it on level 5 of the Dungeon)
Wands
 t - a wand of flame (16)
   (You found it on level 2 of the Dungeon)
Scrolls
 b - a scroll of fear {unknown}
 h - 3 scrolls of enchant weapon {unknown}
 j - 2 scrolls of remove curse {unknown}
 m - 2 scrolls of random uselessness {unknown}
 o - 2 scrolls of teleportation {unknown}
 u - 3 scrolls of identify {unknown}
 y - 2 scrolls of fog {unknown}
Potions
 d - 5 potions of curing {unknown}
 g - 3 potions of degeneration {unknown}
 i - 4 potions of heal wounds {unknown}
 k - 3 potions of might {unknown}
 p - 2 potions of haste {unknown}
 q - a potion of invisibility {unknown}
 x - 2 potions of berserk rage {unknown}
 A - a potion of mutation {unknown}
Comestibles
 e - 10 rations


   Skills:
 + Level 2.3 Fighting
 - Level 2.4 Dodging
 - Level 2.4 Stealth
 * Level 6.6 Spellcasting
 * Level 5.0 Conjurations
 * Level 5.5 Air Magic


You had 9 spell levels left.
You knew the following spells:

 Your Spells              Type           Power        Failure   Level  Hunger
a - Shock                 Conj/Air       ####         1%          1    None
b - Lightning Bolt        Conj/Air       ####......   26%         5    #####..
c - Airstrike             Air            ####......   9%          4    ###....

Your spell library contained the following spells:

 Spells                   Type           Power        Failure   Level  Hunger
 Static Discharge         Conj/Air       ####....     3%          3    #......
 Swiftness                Chrm/Air       ###.....     4%          2    None


Dungeon Overview and Level Annotations

Branches:
Dungeon (6/15)
 Temple: D:4-7

Altars:
Makhleb
Nemelex Xobeh
Qazlal
Ru
Xom

Shops:
D:4 [   D:5 [


Message History

You now have 216 gold pieces (gained 13).
Done exploring.
Done exploring.
Done exploring.
Done exploring.
Search for what [? for help]? ego Search for what [Enter for "ego", or ? for help]? ego You are feeling hungry.
You can't go down here!
You see here 14 stones.
There is a stone staircase leading down here.
You climb downwards.
A black bear and an orc come into view.
The orc shouts!
Found 13 gold pieces.
There is a stone staircase leading up here.
The zap hits the black bear!
The black bear growls angrily.
The zap misses the black bear.
The zap misses the black bear.
A centaur skeleton comes into view.
The black bear bites you.
The black bear claws you but does no damage.
The black bear barely misses you. The orc hits you with a +0 dagger.
The zap hits the black bear!
A crimson imp comes into view.
The black bear bites you but does no damage.
The black bear claws you but does no damage.
The black bear claws you. The orc hits you but does no damage.
The zap hits the black bear.
The zap hits the centaur skeleton.
The black bear bites you! The black bear misses you.
The black bear claws you but does no damage.
The orc hits you but does no damage.
The zap hits the black bear.
The crimson imp blinks!
The black bear goes berserk!
The orc barely misses you.
The zap hits the black bear but does no damage.
The centaur skeleton hits you. The black bear bites you!
* * * LOW HITPOINT WARNING * * *
The black bear claws you.
* * * LOW HITPOINT WARNING * * *
The black bear claws you.
* * * LOW HITPOINT WARNING * * *
The orc barely misses you. The centaur skeleton hits you.
* * * LOW HITPOINT WARNING * * *
Aim: a black bear (severely wounded, berserk, fast, unusually strong)
The air twists around and strikes the black bear!
The black bear bites you.
* * * LOW HITPOINT WARNING * * *
The black bear claws you.
You die...

### ##..###
#.....###
.......##
##......###
#.h@......#
#..Zo......#
##..........
#...........
#....##.....
...$.. .5..#
....... ....
........
....


You could see a black bear (berserk), a crimson imp, an orc and a centaur
skeleton.

Vanquished Creatures
  Eustachio (D:5)
  Menkaure (D:5)
  A sky beast (D:5)
  A black bear (D:3)
  An ogre (D:4)
  2 orc priests (D:3)
  An orc wizard (D:3)
  3 worker ants
  3 adders
  An adder skeleton (D:4)
  2 worms (D:2)
  4 leopard geckos
  12 orcs
  4 giant cockroaches
  4 goblins
  5 hobgoblins
  6 jackals
  9 kobolds
  A quokka (D:5)
  3 ball pythons (D:3)
  11 bats
  4 frilled lizards
  4 rats
84 creatures vanquished.

Vanquished Creatures (others)
  2 plants (D:3)
2 creatures vanquished.

Grand Total: 86 creatures vanquished

Notes
Turn   | Place    | Note
-------+----------+-------------------------------------------
     0 | D:1      | vurker the Deep Elf Air Elementalist began the quest for
                  | the Orb.
     0 | D:1      | Reached XP level 1. HP: 10/10 MP: 6/6
   834 | D:1      | Reached XP level 2. HP: 15/15 MP: 6/8
  1339 | D:2      | Found a sacrificial altar of Ru.
  1515 | D:2      | Reached XP level 3. HP: 20/20 MP: 0/10
  2179 | D:3      | Reached skill level 4 in Spellcasting
  2179 | D:3      | Reached XP level 4. HP: 17/24 MP: 0/12
  2323 | D:3      | Noticed a black bear
  2329 | D:3      | Killed a black bear
  2329 | D:3      | Reached skill level 1 in Fighting
  2329 | D:3      | Reached XP level 5. HP: 29/29 MP: 3/14
  2475 | D:3      | Found a sparkling altar of Nemelex Xobeh.
  2477 | D:3      | Found a shimmering altar of Xom.
  2477 | D:3      | Found a sparkling altar of Nemelex Xobeh.
  2479 | D:3      | Found a bloodstained altar of Trog.
  2479 | D:3      | Found a stormy altar of Qazlal.
  2479 | D:3      | Found a radiant altar of Vehumet.
  3012 | D:3      | Reached skill level 5 in Spellcasting
  3159 | D:3      | Reached XP level 6. HP: 14/34 MP: 6/15
  3834 | D:4      | Learned a level 5 spell: Lightning Bolt
  3839 | D:4      | Learned a level 4 spell: Airstrike
  4114 | D:4      | Found a burning altar of Makhleb.
  4114 | D:4      | Noticed a blizzard demon
  4117 | D:4      | Noticed an orange demon
  4117 | D:4      | Noticed an orange demon
  4493 | D:4      | Found Egofam's Armour Shop.
  4552 | D:4      | Bought a cursed +0 cloak for 19 gold pieces
  4552 | D:4      | Bought a +0 pair of gloves for 58 gold pieces
  4885 | D:5      | Entered Level 5 of the Dungeon
  4885 | D:5      | Noticed Eustachio
  5010 | D:5      | Killed Eustachio
  5010 | D:5      | Reached skill level 6 in Spellcasting
  5010 | D:5      | Reached skill level 5 in Air Magic
  5010 | D:5      | Reached XP level 7. HP: 38/40 MP: 13/18
  5084 | D:5      | Got a polished trident
  5085 | D:5      | Identified the cursed +1 trident of the Beginning {vamp,
                  | *Noise MR++} (You found it on level 5 of the Dungeon)
  5116 | D:5      | Found a stormy altar of Qazlal.
  5139 | D:5      | Noticed Menkaure
  5146 | D:5      | Killed Menkaure
  5350 | D:5      | Found Novyi's Armour Shoppe.
  5561 | D:5      | Reached skill level 5 in Conjurations
  5898 | D:5      | Got an iridescent flail
  6040 | D:6      | Slain by a black bear

Levels and vault maps discovered:
D:1:      dpeg_arrival_short_road, layout_loops_ring, serial_glass,
          glass_columns_c, glass_columns_b, glass_columns_a, item_on_display_a,
          due_unseen_surprise, feat_on_display, palyth_stone_intersect,
          minmay_hedge_maze
D:2:      layout_basic, nicolae_ru_awakened_eye, first_ration
D:3:      layout_basic, doesnt_xom_only_xom, serial_bayou_lagoon_a
D:4:      layout_basic, serial_shops, shop_fountains, makhleb_altar_promises_db
D:5:      layout_loops_ring, serial_shops, nicolae_shop_trees,
          grunt_qazlal_sundering, uniq_eustachio, uniq_menkaure
D:6:      layout_cave_pools, kennysheep_little_box, kennysheep_slug_shrine,
          uniq_blork_the_orc

Skill      XL: |  1  2  3  4  5  6  7 |
---------------+----------------------+-----
Conjurations   | 2 3 4 5 |  5.0
Spellcasting   | 4 5 6 |  6.6
Fighting       | 1 2 |  2.3
Air Magic      | 4 5 |  5.5
Dodging        | |  2.4
Stealth        | |  2.4

Action                   |  1- 3 |  4- 6 |  7- 9 || total
-------------------------+-------+-------+-------++-------
Melee: Dagger            |     7 |     2 |       ||     9
       Unarmed           |     2 |       |       ||     2
       Trident           |       |       |     2 ||     2
 Cast: Shock             |    83 |    99 |    22 ||   204
       Airstrike         |       |     5 |     7 ||    12
  Eat: Chunk             |     3 |     9 |     1 ||    13
       Ration            |       |     1 |       ||     1
Armor: Robe              |     3 |     5 |     6 ||    14
Dodge: Dodged            |    10 |    23 |     9 ||    42
